 Dungeon Crawl Stone Soup version 0.32-a0-779-g362cfca (webtiles) character file.

Game seed: 8762954802254038351

18 Anonymous1 the Shield-Bearer (level 2, 26/26 HPs)
             Began as a Mountain Dwarf Fighter on Mar 19, 2024.
             Was an Initiate of Ashenzari.
             Quit the game on level 1 of the Dungeon.
             The game lasted 00:00:54 (335 turns).

Anonymous1 the Shield-Bearer (MDFi)                  Turns: 335, Time: 00:00:54

Health: 26/26      AC:  6    Str: 18    XL:     2   Next: 51%
Magic:  2/2        EV:  8    Int:  8    God:    Ashenzari [......]
Gold:   0          SH:  5    Dex:  9    Spells: 1/1 levels left

rFire   . . .        a - +0 war axe
rCold   . . .        c - +1 buckler
rNeg    . . .        b - +0 scale mail
rPois   .            (no helmet)
rElec   .            (no cloak)
rCorr   .            (no gloves)
SInv    .            (no boots)
Will    .....        (no amulet) Stlth
                     (no ring)
HPRegen 0.24/turn    (no ring)
MPRegen 0.08/turn

%: no passive effects
@: no status effects
A: runic magic, artefact enchanting
a: Renounce Religion


You were on level 1 of the Dungeon.
You worshipped Ashenzari.
Ashenzari was noncommittal.
You visited 1 branch of the dungeon, and saw 1 of its levels.

Inventory:

Hand Weapons
 a - a +0 war axe (weapon)
Armour
 b - a +0 scale mail (worn)
 c - a +1 buckler (worn)
Scrolls
 f - a scroll of enchant armour
 h - a scroll of fear {unknown}
Potions
 d - a potion of might
 e - a potion of heal wounds {unknown}
 i - a potion of curing {unknown}


   Skills:
 + Level 3.5 Fighting
 * Level 2.9 Axes
 + Level 3.5 Armour
 + Level 3.5 Shields


You had one spell level left.
You didn't know any spells.
Your spell library was empty.

Dungeon Overview and Level Annotations

Branches:
Dungeon (1/15)

Altars:
Ashenzari

Shops:
D:1 ?


Innate Abilities, Weirdness & Mutations

Your spellcasting is much less encumbered by armour.
You can use scrolls of enchantment on lesser artefacts.


Message History

You kill the bat!
The bat hits you but does no damage.
The great orb of eyes turns its gaze towards you.
The bat hits you. The bat hits you but does no damage.
The bat hits you but does no damage. You block the bat's attack.
The bat barely misses you. The bat hits you.
You miss the bat. The bat hits you but does no damage.
The great orb of eyes turns its gaze towards you.
The bat hits you but does no damage.
You miss the bat. The bat barely misses you.
You hit the bat.
You kill the bat!
No reachable target in view!
No reachable target in view!
No reachable target in view!
g - a scroll labelled PYWOL ELUMIB
Found 8 stones.
As you read the scroll labelled PYWOL ELUMIB, it crumbles to dust.
It is a scroll of amnesia.
You feel forgetful for a moment.
The eye of devastation turns its gaze towards you.
The shining eye turns its gaze towards you.
A bat comes into view.
The bat hits you but does no damage. You block the bat's attack.
You closely miss the bat. The bat closely misses you.
You block the bat's attack.
You slash the bat!
You kill the bat!
No reachable target in view!
No reachable target in view!
No reachable target in view!
No reachable target in view!
No reachable target in view!
There is a faded altar of an unknown god here.
This altar belongs to (a) Sif Muna, (b) Ashenzari or (c) Okawaru, but you can't tell which.
Press the corresponding letter to learn more about a god, or press enter to convert or escape to cancel.
Ashenzari accepts your prayer! Ashenzari welcomes you!
Ashenzari warns you of distant threats and treasures.
Ashenzari shows you where magical portals lie.
Are you sure you want to abandon this character and quit the game? (Confirm with "yes".)

..#.#
#..................#.#.##
..#.#
#..................#.#.#
..#.#
#..................#.#.#
..#.# #...............#.#.#
..#.# #(.###...###..###.#.#
..#.# #..#G#...#G#..###.#.#
..#.#.####..###...###......#
..#.#.................######
..#.######......@.......
###...................##
............###...###...
###########.#G#...#G#...
..... ..###...###. #####
##.. ...... ##. .#.####
.#...# .# .#


You could see 2 great orbs of eyes, a shining eye and an eye of devastation.

Vanquished Creatures
  A gnoll (D:1)
  A dart slug (D:1)
  A hobgoblin (D:1)
  A quokka (D:1)
  A ball python (D:1)
  3 bats (D:1)
  A rat (D:1)
9 creatures vanquished.

Notes
Turn   | Place    | Note
-------+----------+-------------------------------------------
     0 | D:1      | Anonymous1 the Mountain Dwarf Fighter began the quest for
                  | the Orb.
     0 | D:1      | Reached XP level 1. HP: 19/19 MP: 1/1
   220 | D:1      | Reached XP level 2. HP: 16/26 MP: 2/2
   261 | D:1      | Found Mox Zico's Magic Scroll Emporium.
   292 | D:1      | Found a faded altar of an unknown god.
   294 | D:1      | Noticed a great orb of eyes
   299 | D:1      | Noticed a great orb of eyes
   319 | D:1      | Noticed an eye of devastation
   319 | D:1      | Noticed a shining eye
   334 | D:1      | Prayed at the altar of an unknown god.
   334 | D:1      | Became a worshipper of Ashenzari the Shackled
   335 | D:1      | Quit the game

Illustrated notes

Levels and vault maps discovered:
D:1:      dpeg_arrival_arbitrary_a, layout_basic,
          hellmonk_ecumenical_altar_watching_god, serial_shops, shop_scrolls

Action                     || total
---------------------------++-------
  Melee: War axe           ||    29
    Use: Scroll            ||     4
 Armour: Scale mail        ||    36
  Dodge: Dodged            ||    11
  Block: Buckler           ||    10

Table legend: (Time is in decaauts)
 A = Elapsed time spent in this place.
 B = Non-inter-level travel time spent in this place.
 C = Inter-level travel time spent in this place.
 D = Time resting spent in this place.
 E = Time spent auto-exploring this place.
 F = Levels seen in this place.
 G = Mean time per level.
                   A        B        C        D        E       F      G
               +--------+--------+--------+--------+--------+-----+--------+
         Total |    347 |    347 |      0 |      0 |    257 |   1 |  347.0 |
       Dungeon |    347 |    347 |      0 |      0 |    257 |   1 |  347.0 |
               +--------+--------+--------+--------+--------+-----+--------+

Top non-repeatable levels by time:
     D:1: 347 daAuts
